 Dungeon Crawl Stone Soup version 0.19.5 (webtiles) character file.

1428 JeffiDaFish the Shield-Bearer (level 8, -2/48 HPs)
             Began as a Gargoyle Fighter on Apr 4, 2017.
             Was an Initiate of Okawaru.
             Slain by a manticore (15 damage)
             ... on level 7 of the Dungeon.
             The game lasted 00:12:17 (4599 turns).

JeffiDaFish the Shield-Bearer (Gargoyle Fighter)    Turns: 4599, Time: 00:12:18

Health: -2/48      AC: 19    Str: 20    XL:     8   Next: 72%
Magic:  8/8        EV:  9    Int:  9    God:    Okawaru [......]
Gold:   164        SH: 11    Dex: 11    Spells: 0 memorised, 7 levels left

rFire  . . .     SeeInvis +     e - +0 morningstar
rCold  . . .     Gourm    .     g - -1 plate armour (curse)
rNeg   + . .     Faith    .     c - +1 shield
rPois  ∞         Spirit   .     u - +0 helmet
rElec  +         Reflect  .     t - +0 cloak
rCorr  .         Harm     .     (no gloves)
MR     .....                    (no boots)
Stlth  ..........               (no amulet)
                                m - +4 ring of evasion
                                n - ring of see invisible

@: flying
A: big wings, negative energy resistance 1, electricity resistance, unbreathing,
petrification resistance, rot immunity, AC +5
a: Stop Flying, Renounce Religion


You were on level 7 of the Dungeon.
You worshipped Okawaru.
Okawaru was noncommittal.
You were not hungry.

You visited 2 branches of the dungeon, and saw 8 of its levels.

You collected 164 gold pieces.

Inventory:

Hand Weapons
 e - a +0 morningstar (weapon)
 v - a +0 whip of freezing
Armour
 a - a +2 cloak
 c - a +1 shield (worn)
 g - a cursed -1 plate armour (worn)
 t - a +0 cloak (worn)
 u - a +0 helmet (worn)
Rods
 q - a +0 rod of ignition (11/11)
   (You found it on level 5 of the Dungeon)
Jewellery
 m - a +4 ring of evasion (right hand)
 n - a ring of see invisible (left hand)
Scrolls
 k - 4 scrolls of identify
 l - 3 scrolls of teleportation
 s - a scroll of blinking
Potions
 d - a potion of might
 r - a potion of haste
Comestibles
 f - 7 bread rations
 h - a slice of pizza
 i - 4 meat rations
 j - a beef jerky
 o - a royal jelly


   Skills:
 + Level 4.9 Fighting
 + Level 6.7 Maces & Flails
 + Level 5.2 Armour
 + Level 1.4 Dodging
 + Level 2.0 Stealth
 + Level 7.2 Shields


You had 7 spell levels left.
You didn't know any spells.

Dungeon Overview and Level Annotations

Branches:
Dungeon (7/15)             Temple (1/1) D:6

Altars:
Ashenzari
Cheibriados
Dithmenos
Elyvilon
Fedhas
Gozag
Kikubaaqudgha
Makhleb
Nemelex Xobeh
Okawaru
Ru
Sif Muna
Trog
Uskayaw
Vehumet
Xom
Yredelemnul
Zin
The Shining One


Innate Abilities, Weirdness & Mutations

You are resistant to torment.
Your stone body is resilient. (AC +5)
You are immune to poison.
You resist negative energy. (rN+)
You are resistant to electric shocks. (rElec)
You can survive without breathing.
You are immune to petrification.
You are immune to rotting.
Your large and strong wings let you fly indefinitely.


Message History

You hit the manticore but do no damage.
The manticore is lightly wounded.
The manticore bites you but does no damage.
You block the manticore's attack. The manticore closely misses you.
You hit the manticore but do no damage.
The manticore is lightly wounded.
You block the manticore's attack. x2; The manticore claws you.
The manticore bites you but does no damage.
You block the manticore's attack.
The manticore claws you but does no damage.
Your plate armour prevents you from hitting the manticore.
The manticore is lightly wounded.
The manticore bites you but does no damage.
The manticore claws you.
* * * LOW HITPOINT WARNING * * *
The manticore claws you but does no damage.
You sock the manticore!
The manticore is heavily wounded.
The manticore bites you!
You die...

#......#.......
#......'......#
#......#..##..#
##########.#..#
..........h#....
........hhY#.....
....hYY.hYh#......#
###'''H###H#......+
#....hhHh#@#......#
#...hH.hh#.#
#......hh#..
#........#...
#........#....
##########.....
..##+## ###


You could see a manticore, a polar bear, 2 yaks, a hog, a black bear and a
hound.

Vanquished Creatures
  Pikel (D:6)
  A hippogriff (D:7)
  A black bear (D:7)
  3 howler monkeys (D:5)
  3 hounds
  An orc priest (D:6)
  A gnoll shaman (D:5)
  2 orc wizards (D:6)
  5 worker ants
  9 gnolls
  6 adders
  3 shadow imps
  An adder zombie (D:5)
  3 worms
  4 leopard geckos
  3 orcs
  7 bats
  4 giant cockroaches
  11 goblins
  4 hobgoblins
  A jackal (D:6)
  3 quokkas
  A ball python (D:1)
  7 frilled lizards
  7 kobolds
  8 rats
100 creatures vanquished.

Vanquished Creatures (collateral kills)
  A hound (D:6)
  2 jackals (D:6)
3 creatures vanquished.

Grand Total: 103 creatures vanquished

Notes
Turn   | Place    | Note
-------+----------+-------------------------------------------
     0 | D:1      | JeffiDaFish the Gargoyle Fighter began the quest for the Orb.
     0 | D:1      | Reached XP level 1. HP: 14/14 MP: 1/1
   114 | D:1      | Reached XP level 2. HP: 16/19 MP: 2/2
   451 | D:1      | Reached XP level 3. HP: 22/23 MP: 3/3
   888 | D:2      | Reached skill level 4 in Shields
  1085 | D:2      | Gained mutation: Your large and strong wings let you fly indefinitely. [potion of beneficial mutation]
  1199 | D:2      | Reached XP level 4. HP: 28/28 MP: 4/4
  1857 | D:3      | Reached XP level 5. HP: 21/32 MP: 5/5
  2253 | D:4      | Reached skill level 1 in Dodging
  2282 | D:4      | Noticed an ogre
  2314 | D:5      | Entered Level 5 of the Dungeon
  2628 | D:5      | Reached XP level 6. HP: 29/37 MP: 6/6
  2761 | D:5      | Reached skill level 5 in Shields
  3118 | D:5      | Found a radiant altar of Vehumet.
  3118 | D:5      | Found a basalt altar of Yredelemnul.
  3118 | D:5      | Found a white marble altar of Elyvilon.
  3466 | D:6      | Reached XP level 7. HP: 40/42 MP: 7/7
  3536 | D:6      | Reached skill level 5 in Maces & Flails
  3642 | D:6      | Found a shimmering altar of Xom.
  3663 | D:6      | Noticed Pikel
  3682 | D:6      | Killed Pikel
  3682 | D:6      | Reached skill level 1 in Stealth
  3682 | D:6      | Reached skill level 6 in Shields
  3682 | D:6      | Reached XP level 8. HP: 36/48 MP: 8/8
  3899 | D:6      | Found a staircase to the Ecumenical Temple.
  4044 | Temple   | Entered the Ecumenical Temple
  4113 | Temple   | Became a worshipper of Warmaster Okawaru
  4169 | D:6      | Found a snail-covered altar of Cheibriados.
  4435 | D:7      | Noticed a hippogriff
  4451 | D:7      | Killed a hippogriff
  4451 | D:7      | Reached skill level 5 in Armour
  4451 | D:7      | Reached skill level 7 in Shields
  4557 | D:7      | Found a huge runed gate.
  4560 | D:7      | Noticed a polar bear
  4560 | D:7      | Noticed a polar bear
  4561 | D:7      | Found a huge runed gate.
  4561 | D:7      | Found a huge runed gate.
  4561 | D:7      | Found a huge runed gate.
  4561 | D:7      | Noticed a yak
  4561 | D:7      | Noticed a yak
  4562 | D:7      | Noticed a polar bear
  4562 | D:7      | Noticed a hippogriff
  4562 | D:7      | Noticed a hippogriff
  4562 | D:7      | Noticed a manticore
  4599 | D:7      | Slain by a manticore

Skill      XL: |  1  2  3  4  5  6  7  8 |
---------------+-------------------------+-----
Shields        | 4 5 6 7 |  7.2
Maces & Flails | 3 4 6 |  6.7
Armour         | 4 5 |  5.2
Dodging        | 1 |  1.4
Fighting       | 4 |  4.9
Stealth        | 1 2 |  2.0

Action                   |  1- 3 |  4- 6 |  7- 9 || total
-------------------------+-------+-------+-------++-------
Melee: Flail             |   163 |       |       ||   163
       Morningstar       |    20 |   268 |   136 ||   424
       Whip              |       |       |    23 ||    23
 Abil: Fly               |     1 |       |       ||     1
  Use: Scroll            |     4 |     3 |     6 ||    13
       Potion            |     3 |     3 |     1 ||     7
 Stab: Distracted        |       |       |     3 ||     3
  Eat: Chunk             |     2 |     8 |     4 ||    14
Armor: Scale mail        |    93 |    84 |       ||   177
       Plate armour      |       |    78 |   107 ||   185
Dodge: Dodged            |    53 |    98 |    86 ||   237
Block: Shield            |   120 |   194 |   120 ||   434
